Match 46831211
Unlisted

Match 46831211
End
Kettenkrad Recon Vehicle
Construct Infanterie Kompanie
Selects Terror Battlegroup
MG 42 Machine Gun Team
Selects Machine Gun Camouflage
Grenadier Squad
Grenadier Squad
Infanterie Officer Quarters
GrW 34 Mortar Team
Medical Bunker
Construct Luftwaffe Kompanie
Support Elements
Selects Contempt for the Weak
Jäger Squad
Wirbelwind Flakpanzer
Jäger Squad
Side Skirts
Selects No Quarter
Pioneer Squad
Kettenkrad Recon Vehicle
anioki
Sky Blues
Miko
FerrariPeek Clutch Nixon
MasterFalch
lamasroman580
0
0

Comments sign in to comment!

No comments posted yet!